AoeStats
← Xanny

African Clearing

504166720Analyzed
4v4 RM · 28d ago on Sep 4, 2026· 27m 31s· 8 players
Game mode
Random Map
Map size
Large (8 player)
Population
200
Speed
Normal
Resources
Standard
Victory
Conquest
Starting age
Dark Age
Ending age
Imperial Age
RankedLock teamsTeams togetherTeam positionsShared explorationLock speedFull tech treeHidden civsTurbo modeCheats
Victory
Defeat
🇦🇷 Magyars · Argentina
1265
+14
🇳🇿 Persians · New Zealand
1243
+15
🇵🇪 Huns · Peru
1243
+15
🇯🇵 Turks · Japan
1212
+17
🇮🇩 Huns · Indonesia
1307
-19
🇺🇸 Italians · United States
1198
-14
🇨🇳 Mongols · China
1197
-14
🇺🇸 Romans · United States
1193
-14
The_Valhalla
11:02 Loom
13:45 Feudal Age
15:08 Double-Bit Axe
17:42 Castle Age
16:20 Fletching
18:35 Bodkin Arrow
heavensent
8:01 Loom
13:35 Feudal Age
18:34 Castle Age
19:29 Gold Mining
20:25 Wheelbarrow
19:59 Scale Barding Armor
21:47 Double-Bit Axe
RomaSaga
3:13 Loom
14:00 Feudal Age
15:43 Double-Bit Axe
18:27 Castle Age
16:28 Horse Collar
19:04 Stone Mining
19:27 Bow Saw
19:22 Heavy Plow
24:53 Scale Barding Armor
25:02 Town Watch
26:23 Forging
27:56 Bloodlines
StickyBladez
8:20 Loom
12:41 Feudal Age
14:44 Town Watch
19:58 Castle Age
18:21 Double-Bit Axe
20:07 Light Cavalry
RaffaEP
4:17 Loom
15:51 Feudal Age
19:57 Double-Bit Axe
22:18 Wheelbarrow
28:40 Castle Age
Maverick
5:17 Loom
13:47 Feudal Age
18:12 Castle Age
16:57 Double-Bit Axe
18:26 Town Watch
开心华子
10:43 Loom
13:05 Feudal Age
17:06 Castle Age
15:17 Double-Bit Axe
17:24 Bloodlines
17:47 Scale Barding Armor
21:47 Horse Collar
24:49 Fletching
26:25 Bodkin Arrow
Xanny
13:46 Feudal Age
14:38 Loom
14:41 Double-Bit Axe
15:08 Horse Collar
17:35 Castle Age
16:34 Fletching
19:47 Bodkin Arrow
25:06 Thumb Ring
26:25 Ballistics
Connection lost

Rejoining the realm…

Still unreachable

The connection could not be restored.

Session expired

The server has moved on; the page needs a fresh start.